cohdb
Replays
Latest Replays
All Replays
Popular Replays
Top Player Replays
Match Explorer
How It Works
Community
CoH3 Stats
Reddit
Sign in to upload your games and track your stats! →
Sign in with Steam
Match 42164916
Unlisted
Match 42164916
Overview
Messages
Build Orders
End
Construct Infanterie Kompanie
Selects Mechanized Battlegroup
MG 42 Machine Gun Team
GrW 34 Mortar Team
Grenadier Squad
Construct Panzergrenadier Kompanie
Panzergrenadier Squad
Selects Raid Package
Medical Station
Support Elements
Pak 40 Anti-tank Gun Team
Selects StuG Assault Group
Nebelwerfer 42 Rocket Launcher Team
StuG Assault Group
Selects Spotting Scopes
Selects Stoßtruppen Assault Package
Mr Gloambury
Dave
Ulpia Victrix
Norbert
Ross
Lumumba
0
0
Comments
sign in to comment!
No comments posted yet!